[Event "Titled Tuesday Blitz February 28 Late 2023"]
[White "Awoki, Daniel Teidi"]
[Black "Fiorito, Joaquin"]
[WhiteFideId "2100827"]
[BlackFideId "180173"]
[WhiteElo "2083"]
[BlackElo "2157"]
[Result "0-1"]
[Round "01"]
[TimeControl "180+2"]
[Date "2023.02.28"]
[WhiteClock "0:00:03"]
[BlackClock "0:00:27"]

1. e4 c6 2. d4 d5 3. exd5 cxd5 4. c4 Nf6 5. Nc3 Nc6 6. Nf3 a6 7. h3 e6 8. cxd5 Nxd5 9. Bd3 Be7 10. O-O O-O 11. a3 Nf6 12. Re1 b5 13. Bc2 Bb7 14. Qd3 g6 15. Bh6 Re8 16. Rad1 Rc8 17. Bb3 Na5 18. Ba2 Nc4 19. Re2 Nd5 20. Bxc4 Rxc4 21. Ne5 Rc8 22. Ne4 f5 23. Nc5 Bxc5 24. dxc5 Qf6 25. Qg3 f4 26. Qg4 Qf5 27. Qxf5 exf5 28. b4 Nc3 29. Rd7 Nxe2+ 30. Kf1 Rxe5 31. Rg7+ Kh8 32. Rxb7 Re6 33. h4 Rce8 34. g3 f3 35. Bg5 Nc1 36. Bd2 Nd3 37. Bc3+ Kg8 38. Rg7+ Kf8 39. Rxh7 Re1+ 0-1


[Site "https://www.chess.com"]

[Event "Titled Tuesday Blitz February 28 Late 2023"]
[White "Paszewski, Mateusz"]
[Black "Lopez Del Alamo, Antonio"]
[WhiteFideId "1141058"]
[BlackFideId "2227339"]
[WhiteElo "2223"]
[BlackElo "2175"]
[Result "1-0"]
[Round "01"]
[TimeControl "180+2"]
[Date "2023.02.28"]
[WhiteClock "0:01:47"]
[BlackClock "0:01:51"]

1. d4 Nf6 2. c4 g6 3. Nc3 Bg7 4. e4 d6 5. h3 O-O 6. Be3 Na6 7. g4 c5 8. Nge2 cxd4 9. Nxd4 Nc5 10. Bg2 a6 11. O-O e6 12. Qd2 Qc7 13. Rac1 Rd8 14. Rfd1 Rb8 15. Nde2 b6 16. b4 Ncd7 17. Bf4 Ne5 18. Bxe5 1-0


[Site "https://www.chess.com"]

[Event "Titled Tuesday Blitz February 28 Late 2023"]
[White "Leschinsky, Gary"]
[Black "Mustafayev, Farid"]
[WhiteFideId "30951321"]
[BlackFideId "13408771"]
[WhiteElo "1855"]
[BlackElo "2317"]
[Result "1-0"]
[Round "01"]
[TimeControl "180+2"]
[Date "2023.02.28"]
[WhiteClock "0:00:24"]
[BlackClock "0:00:30"]

1. d4 Nf6 2. c4 e6 3. Nc3 Bb4 4. e3 d5 5. Nf3 O-O 6. Bd2 c5 7. a3 Bxc3 8. Bxc3 Ne4 9. Rc1 Nxc3 10. Rxc3 cxd4 11. Nxd4 Nc6 12. cxd5 Nxd4 13. Qxd4 exd5 14. Be2 Be6 15. O-O Qg5 16. Bf3 b6 17. Rd1 Rfd8 18. Qd2 Rac8 19. Rxc8 Rxc8 20. g3 g6 21. Bxd5 Rd8 22. e4 Qxd2 23. Rxd2 Kg7 24. f4 f5 25. Rd3 Kf6 26. Kf2 Rc8 27. e5+ Ke7 28. Bxe6 Kxe6 29. Rc3 Rd8 30. Ke2 Rd4 31. Rc7 Re4+ 32. Kd3 g5 33. fxg5 Kxe5 34. Rxh7 Rg4 35. Rxa7 Rxg5 36. Ke3 Rh5 37. h4 Rh6 38. Re7+ Kd6 39. Rf7 Ke5 40. Re7+ Kd6 41. Re8 Rg6 42. Kf3 Rg4 43. Rb8 Kc7 44. Rf8 Rc4 45. Rxf5 Rc2 46. Rf7+ Kc6 47. Rf6+ Kb5 48. Rf4 Rxb2 49. Rb4+ Rxb4 50. axb4 Kxb4 51. h5 Ka3 52. h6 b5 53. h7 b4 54. h8=Q b3 55. Qa1+ 1-0


[Site "https://www.chess.com"]

[Event "Titled Tuesday Blitz February 28 Late 2023"]
[White "Di Berardino, Diego Rafael"]
[Black "Zampronha, Wladimir Camilo"]
[WhiteFideId "2105446"]
[BlackFideId "2103087"]
[WhiteElo "2432"]
[BlackElo "2176"]
[Result "0-1"]
[Round "01"]
[TimeControl "180+2"]
[Date "2023.02.28"]
[WhiteClock "0:00:06"]
[BlackClock "0:00:04"]

1. e4 c5 2. Nf3 e6 3. d4 cxd4 4. Nxd4 Nc6 5. Nc3 Qc7 6. Be2 a6 7. O-O Nf6 8. Kh1 Nxd4 9. Qxd4 Bc5 10. Qd3 d6 11. Qg3 O-O 12. Bh6 Ne8 13. Rad1 b5 14. a3 Bb7 15. Bf4 Rc8 16. Bd3 Nf6 17. Qh3 Bd4 18. Bg5 Bxc3 19. e5 Bxe5 20. Bxf6 h6 21. Bxe5 dxe5 22. Rde1 e4 23. Bxe4 Bxe4 24. Rxe4 Qxc2 25. Rb4 Qe2 26. Kg1 Rc2 27. b3 Rd8 28. Qg4 Qxg4 29. Rxg4 Rd3 30. a4 Rxb3 31. axb5 axb5 32. h4 Rcb2 33. h5 Rb1 34. Rxb1 Rxb1+ 35. Kh2 b4 36. Rc4 b3 37. Rc8+ Kh7 38. Rb8 g6 39. Rb7 Kg7 40. hxg6 Kxg6 41. f3 f6 42. Kg3 e5 43. Kf2 Rb2+ 44. Kg3 h5 45. Kh3 Rb1 46. Kh2 Rb2 47. Rb6 Kf5 48. Kh3 Rb1 49. Kh2 b2 50. Kg3 h4+ 51. Kh2 Kg5 52. Rb8 f5 53. Rb5 Kf4 54. Rb4+ e4 0-1


[Site "https://www.chess.com"]

[Event "Titled Tuesday Blitz February 28 Late 2023"]
[White "Kaufman, Raymond"]
[Black "Sebag, Marie"]
[WhiteFideId "2015056"]
[BlackFideId "617822"]
[WhiteElo "2321"]
[BlackElo "2440"]
[Result "0-1"]
[Round "01"]
[TimeControl "180+2"]
[Date "2023.02.28"]
[WhiteClock "0:00:15"]
[BlackClock "0:00:48"]

1. d4 d5 2. c4 e6 3. Nc3 a6 4. cxd5 exd5 5. Bf4 c6 6. e3 Bd6 7. Bxd6 Qxd6 8. Bd3 Nf6 9. h3 O-O 10. Nf3 Be6 11. O-O Nbd7 12. Qc2 a5 13. a3 h6 14. b4 b5 15. Ne2 Nb6 16. Qc5 Qxc5 17. dxc5 Nc4 18. Ned4 Bd7 19. Bxc4 bxc4 20. Ne5 Rfc8 21. f3 Be8 22. Rfb1 Kf8 23. Nf5 axb4 24. axb4 Rxa1 25. Rxa1 Rb8 26. Nd6 Rxb4 27. Ra8 c3 28. Nd7+ Ke7 29. Nxf6 gxf6 30. Rxe8+ Kd7 0-1


[Site "https://www.chess.com"]

[Event "Titled Tuesday Blitz February 28 Late 2023"]
[White "Kalogeris, Ioannis"]
[Black "Lalanne, Pablo"]
[WhiteFideId "4239563"]
[BlackFideId "112151"]
[WhiteElo "2312"]
[BlackElo "2120"]
[Result "1-0"]
[Round "01"]
[TimeControl "180+2"]
[Date "2023.02.28"]
[WhiteClock "0:00:21"]
[BlackClock "0:00:01"]

1. e4 c6 2. d4 c5 3. e5 cxd4 4. Nf3 Nc6 5. c3 dxc3 6. Nxc3 g6 7. Bf4 Bg7 8. Bc4 Na5 9. Bd5 e6 10. Nb5 Ne7 11. Nd6+ Kf8 12. Be4 h6 13. O-O Nac6 14. h4 b6 15. Qd3 a5 16. Qa3 Ba6 17. Rfd1 Kg8 18. Rac1 Nb4 19. Qb3 Nbd5 20. Bg3 Be2 21. Rd2 Bxf3 22. Bxf3 Bf8 23. Rdc2 Kg7 24. Be4 Nb4 25. Bxa8 Nxc2 26. Qf3 Nf5 27. Nxf5+ gxf5 28. Rxc2 Bc5 29. Bb7 Qe7 30. Ba6 Rd8 31. a3 Kh7 32. Rd2 f6 33. Bb5 fxe5 34. Bxe5 d6 35. Bg3 Qf6 36. Re2 e5 37. Qd5 f4 38. Bd3+ Kg7 39. Bh2 Qxh4 40. Qe4 Qf6 41. Qh7+ Kf8 42. Bc4 f3 43. gxf3 Qxf3 44. Qxh6+ Ke7 45. Qe6+ Kf8 46. Qh6+ 1-0


[Site "https://www.chess.com"]

[Event "Titled Tuesday Blitz February 28 Late 2023"]
[White "Tsyhanchuk, Stanislav"]
[Black "Aldokhin, Ivan"]
[WhiteFideId "13505130"]
[BlackFideId "24115720"]
[WhiteElo "2173"]
[BlackElo "2322"]
[Result "0-1"]
[Round "01"]
[TimeControl "180+2"]
[Date "2023.02.28"]
[WhiteClock "0:00:55"]
[BlackClock "0:01:49"]

1. e4 c5 2. Nf3 e6 3. c4 a6 4. Nc3 Qc7 5. Be2 Nf6 6. O-O Nc6 7. b3 Ng4 8. Bb2 h5 9. h4 Bd6 10. d4 cxd4 11. Nxd4 Bc5 12. Nf3 Nd4 13. g3 Nxf3+ 14. Bxf3 Qxg3+ 15. Bg2 Qh2# 0-1


[Site "https://www.chess.com"]

[Event "Titled Tuesday Blitz February 28 Late 2023"]
[White "Risteski, Emil"]
[Black "Senft, Sean"]
[WhiteFideId "15005267"]
[BlackFideId "2044960"]
[WhiteElo "2251"]
[BlackElo "1989"]
[Result "1-0"]
[Round "01"]
[TimeControl "180+2"]
[Date "2023.02.28"]
[WhiteClock "0:01:00"]
[BlackClock "0:00:37"]

1. d3 d5 2. Nf3 c6 3. Nbd2 g6 4. e4 Bg7 5. g3 Nf6 6. e5 Nfd7 7. d4 O-O 8. Bg2 c5 9. c3 Nc6 10. O-O cxd4 11. cxd4 Nb6 12. Nb1 Bg4 13. Nc3 h6 14. h3 Bxf3 15. Bxf3 Rc8 16. h4 e6 17. h5 g5 18. Be2 a6 19. f4 f6 20. Be3 Kh8 21. Bd3 gxf4 22. gxf4 f5 23. Rf2 Rg8 24. Rg2 Qh4 25. Qf3 Kh7 26. Rf1 Bh8 27. Rf2 Rg4 28. Qxg4 1-0


[Site "https://www.chess.com"]

[Event "Titled Tuesday Blitz February 28 Late 2023"]
[White "Smith, Garrett L"]
[Black "benny_aizenberg"]
[WhiteFideId "2024829"]
[WhiteElo "2274"]
[BlackElo "2590"]
[Result "1-0"]
[Round "01"]
[TimeControl "180+2"]
[Date "2023.02.28"]
[WhiteClock "0:00:20"]
[BlackClock "0:00:02"]

1. e4 c5 2. a3 d5 3. exd5 Qxd5 4. Nc3 Qd8 5. Nf3 Nf6 6. Bc4 e6 7. d3 h6 8. O-O Bd6 9. Be3 a6 10. Ne4 Nxe4 11. dxe4 O-O 12. e5 Be7 13. Qe2 b5 14. Rfd1 Qc7 15. Bd3 Bb7 16. c4 bxc4 17. Bxc4 Nd7 18. Bf4 Nb6 19. Bd3 c4 20. Be4 Bxe4 21. Qxe4 Na4 22. Qc2 Qa5 23. Rd7 Rfe8 24. Qxc4 Nxb2 25. Qd4 Rab8 26. Bd2 Qa4 27. Bc3 Qxd4 28. Bxd4 Nc4 29. a4 Bf8 30. g3 Red8 31. Ra7 Rb3 32. Kg2 Rxf3 33. Kxf3 Rxd4 34. Rxa6 Nxe5+ 35. Ke3 Bc5 36. Ra8+ Kh7 37. Ke2 Re4+ 38. Kf1 Ng4 39. Ra2 Rc4 40. a5 Ne5 41. a6 Bd4 42. a7 Nc6 43. Rh8+ Kxh8 44. a8=Q+ Kh7 45. Qa6 Ne5 46. Rd2 Rc1+ 47. Kg2 Bc3 48. Re2 Ng6 49. Qd3 Bf6 50. Rc2 Re1 51. h4 h5 52. Rc5 Kh6 53. Qd2+ 1-0


[Site "https://www.chess.com"]

[Event "Titled Tuesday Blitz February 28 Late 2023"]
[White "Saveliev, Alexei"]
[Black "Leonte, Sebastian-Marian"]
[WhiteFideId "24128546"]
[BlackFideId "1268767"]
[WhiteElo "2271"]
[BlackElo "2258"]
[Result "1-0"]
[Round "01"]
[TimeControl "180+2"]
[Date "2023.02.28"]
[WhiteClock "0:01:07"]
[BlackClock "0:00:14"]

1. c4 e5 2. Nc3 Nf6 3. Nf3 Nc6 4. e3 Bb4 5. Qc2 Bxc3 6. Qxc3 Qe7 7. d4 exd4 8. Nxd4 Nxd4 9. Qxd4 O-O 10. Be2 d5 11. O-O Be6 12. b3 c5 13. Qh4 dxc4 14. Bxc4 Bxc4 15. Qxc4 Rac8 16. Bb2 Ne4 17. Rad1 Rfd8 18. f3 Nd6 19. Qc3 Nf5 20. e4 Nd4 21. Qe3 Ne6 22. Rd5 Rd7 23. Rfd1 Rcd8 24. g3 b6 25. Kg2 Nc7 26. Qc3 f6 27. R5d2 Rxd2+ 28. Rxd2 Rxd2+ 29. Qxd2 Ne6 30. Qd5 Kf7 31. e5 Qd8 32. Qb7+ Qc7 33. Qe4 fxe5 34. Bxe5 Qd7 35. Qf5+ Kg8 36. Bc3 Nf8 37. Qe4 Qe6 38. Qd3 Qd7 39. Qc4+ Qe6 40. Qd3 Qd7 41. Qe3 Qe6 42. Qd2 Qd7 43. Qf4 Qd3 44. Qe5 Qc2+ 45. Kh3 Qg6 46. g4 Qe6 47. Qxg7# 1-0


[Site "https://www.chess.com"]

[Event "Titled Tuesday Blitz February 28 Late 2023"]
[White "Djabri,Massinas"]
[Black "Klose, Eli"]
[WhiteFideId "7905726"]
[BlackFideId "16242955"]
[WhiteElo "2155"]
[BlackElo "2589"]
[Result "0-1"]
[Round "01"]
[TimeControl "180+2"]
[Date "2023.02.28"]
[WhiteClock "0:00:22"]
[BlackClock "0:00:11"]

1. d4 Nf6 2. c4 c5 3. d5 b5 4. cxb5 a6 5. b6 Qxb6 6. Nc3 d6 7. a4 g6 8. a5 Qb7 9. e4 Bg7 10. Bc4 O-O 11. Nge2 Bd7 12. Ra3 Ne8 13. O-O Nc7 14. Rb3 Nb5 15. Qd3 Qc7 16. Bd2 Ra7 17. Nxb5 axb5 18. Bxb5 Bxb5 19. Rxb5 Nd7 20. Rc1 Ne5 21. Qa3 Qd7 22. Rb6 Qc7 23. Qb3 Qd7 24. f3 h5 25. Qb5 Qxb5 26. Rxb5 Nd3 27. Rb1 Raa8 28. Nc1 Ne5 29. b3 Rfb8 30. Rxb8+ Rxb8 31. b4 Nc4 32. Be1 Nxa5 33. Kf1 Nc4 34. Ke2 cxb4 35. Rxb4 Rxb4 36. Bxb4 Nb6 37. Nd3 Nd7 38. f4 Bd4 39. Be1 Nc5 40. Nxc5 Bxc5 41. Kf3 Kf8 42. g4 hxg4+ 43. Kxg4 Kg7 44. f5 Kh7 45. h4 Kh6 46. Bd2+ Kh7 47. h5 gxh5+ 48. Kxh5 Kg7 49. Bc3+ Kf8 50. Kg5 Be3+ 51. Kg4 Bc5 52. f6 e6 53. Kh5 exd5 54. exd5 Ke8 55. Kh6 Bb6 56. Kg7 Bc5 57. Bd2 Ba3 58. Ba5 Bc5 59. Bc7 Ba3 60. Ba5 Bc5 61. Bd2 Ba3 62. Bh6 Bc5 63. Kh7 Bd4 64. Bg7 Be5 65. Kg8 Bd4 66. Bh8 Be5 67. Bg7 Bd4 68. Kh7 Be5 69. Kh6 Bd4 70. Kg5 Be5 71. Kf5 Kd7 72. Bf8 Kc7 73. Be7 Kb6 74. Kg5 Kc5 75. Kh6 Kxd5 76. Kg7 Ke6 77. Bd8 d5 78. Be7 d4 79. Kh6 d3 80. Bb4 Bf4+ 81. Kg7 d2 0-1


[Site "https://www.chess.com"]

[Event "Titled Tuesday Blitz February 28 Late 2023"]
[White "Colas, Joshua"]
[Black "Escalante Ramirez, Rafael"]
[WhiteFideId "2044447"]
[BlackFideId "3900177"]
[WhiteElo "2347"]
[BlackElo "2251"]
[Result "1-0"]
[Round "01"]
[TimeControl "180+2"]
[Date "2023.02.28"]
[WhiteClock "0:00:28"]
[BlackClock "0:00:05"]

1. Nf3 Nf6 2. c4 e6 3. g3 b6 4. Bg2 Bb7 5. O-O c5 6. d4 cxd4 7. Qxd4 d6 8. Nc3 a6 9. b3 Nbd7 10. Rd1 Qc7 11. e4 Be7 12. Ba3 Nc5 13. e5 dxe5 14. Qxe5 Rc8 15. Qxc7 Rxc7 16. Ne5 Bxg2 17. Kxg2 O-O 18. Rd4 Rd8 19. Rxd8+ Bxd8 20. Rd1 Be7 21. Bxc5 bxc5 22. f4 g6 23. Kf3 Kf8 24. Ne4 Nxe4 25. Kxe4 Ke8 26. g4 f6 27. Nf3 Kf7 28. f5 gxf5+ 29. gxf5 1-0


[Site "https://www.chess.com"]

[Event "Titled Tuesday Blitz February 28 Late 2023"]
[White "Einarsson, Halldor Gretar"]
[Black "Karttunen, Mika"]
[WhiteFideId "2300150"]
[BlackFideId "502081"]
[WhiteElo "2126"]
[BlackElo "2396"]
[Result "1-0"]
[Round "01"]
[TimeControl "180+2"]
[Date "2023.02.28"]
[WhiteClock "0:00:12"]
[BlackClock "0:00:02"]

1. d4 Nf6 2. c4 e6 3. g3 d5 4. Nf3 Bb4+ 5. Bd2 Bd6 6. Bg2 c6 7. O-O O-O 8. Qc2 Ne4 9. Bf4 Bxf4 10. gxf4 f5 11. Nbd2 Rf6 12. Ne5 Rh6 13. Ndf3 Nd7 14. e3 Ndf6 15. Ng5 Qe8 16. Ngf7 Rh4 17. f3 Nd7 18. fxe4 Nxe5 19. Nxe5 dxe4 20. Qf2 Rh6 21. c5 Bd7 22. Qg3 Qe7 23. Kf2 Be8 24. Rg1 Rd8 25. Bf1 Rf6 26. Bc4 Kh8 27. Rg2 Bh5 28. Rag1 Rg8 29. Qg5 Be8 30. h4 Qf8 31. h5 b6 32. Ng6+ Bxg6 33. hxg6 h6 34. Rh2 bxc5 35. dxc5 a5 36. Rh5 1-0


[Site "https://www.chess.com"]

[Event "Titled Tuesday Blitz February 28 Late 2023"]
[White "Gubajdullin, Alexei"]
[Black "Ardila, Oscar Humberto"]
[WhiteFideId "4141202"]
[BlackFideId "4404742"]
[WhiteElo "2285"]
[BlackElo "1946"]
[Result "1-0"]
[Round "01"]
[TimeControl "180+2"]
[Date "2023.02.28"]
[WhiteClock "0:00:15"]
[BlackClock "0:00:03"]

1. d4 Nf6 2. Nf3 g6 3. Bf4 Bg7 4. e3 O-O 5. Be2 d6 6. O-O Nbd7 7. h3 b6 8. a4 a5 9. Nc3 Bb7 10. Bh2 Ne4 11. Nxe4 Bxe4 12. Nd2 Bb7 13. Bf3 Bxf3 14. Qxf3 Nf6 15. Qc6 Qd7 16. Qxd7 Nxd7 17. Nc4 Rfe8 18. Na3 c6 19. Rfb1 e5 20. c3 d5 21. Nc2 e4 22. b4 axb4 23. cxb4 b5 24. a5 Ra6 25. Ra3 Bf8 26. Rc3 f5 27. h4 Be7 28. Bg3 Kf7 29. f3 exf3 30. gxf3 Bf6 31. Kf2 Re6 32. Ne1 h6 33. Nd3 g5 34. hxg5 hxg5 35. f4 g4 36. Rh1 Kg6 37. Bh4 Bg7 38. Bg5 Re8 39. Rhc1 Re6 40. R1c2 Bf8 41. Rc1 Bg7 42. Rh1 Re8 43. Rcc1 Rh8 44. Rxh8 Bxh8 45. Be7 Bg7 46. Bd6 Bf6 47. Be5 Bh4+ 48. Ke2 Be7 49. Rh1 Ra8 50. Rh8 Rxh8 51. Bxh8 Nb8 52. Kf2 Na6 53. Ne5+ Kh7 54. Nxc6 Bxb4 55. Be5 Bc3 56. Ne7 b4 57. Nxd5 Bd2 58. Ke2 Bc3 59. Bf6 Kg6 60. Bh4 Kf7 61. Nxc3 bxc3 62. Kd3 Ke6 63. Kxc3 Kd5 64. Be1 Ke4 65. Kc4 Kxe3 66. d5 Kxf4 67. Bc3 g3 68. d6 Nb8 69. a6 Nxa6 70. d7 Kf3 71. d8=Q f4 72. Qd5+ Kf2 73. Bd4+ Kf1 74. Qh1+ Ke2 75. Qg2+ 1-0


[Site "https://www.chess.com"]

[Event "Titled Tuesday Blitz February 28 Late 2023"]
[White "Fajdetic, Hrvoje"]
[Black "Defend, Balint"]
[WhiteFideId "14501945"]
[BlackFideId "17004853"]
[WhiteElo "2185"]
[BlackElo "2582"]
[Result "1-0"]
[Round "01"]
[TimeControl "180+2"]
[Date "2023.02.28"]
[WhiteClock "0:01:16"]
[BlackClock "0:01:27"]

1. d4 Nf6 2. Bf4 c5 3. e3 e6 4. Nd2 b6 5. Nc4 d5 6. Ne5 Nbd7 7. Nc6 Bb7 8. Nxd8 Rxd8 9. Bb5 a6 10. Bxd7+ Rxd7 11. Nf3 c4 12. Ne5 Rd8 13. Bg5 Be7 14. O-O h6 15. Bxf6 gxf6 16. Nf3 h5 17. h3 Bd6 18. c3 Ke7 19. b3 b5 20. a4 b4 21. cxb4 c3 22. b5 a5 23. Qc2 Bb4 24. Ne1 f5 25. Nd3 Rb8 26. Nxb4 axb4 27. a5 Bc8 28. b6 Ba6 29. Rfe1 Bb5 30. f3 Ra8 31. e4 dxe4 32. fxe4 f4 33. d5 e5 34. Qf2 Kd6 35. b7 Ra6 36. Qh4 Kd7 37. Qg5 Rb8 38. Qxe5 Rxb7 39. Qxf4 Rg6 40. Qxf7+ 1-0


[Site "https://www.chess.com"]

[Event "Titled Tuesday Blitz February 28 Late 2023"]
[White "Ozates, Tuna"]
[Black "De Souza, Cristiano Gomes"]
[WhiteFideId "6354521"]
[BlackFideId "2151758"]
[WhiteElo "2151"]
[BlackElo "2068"]
[Result "0-1"]
[Round "01"]
[TimeControl "180+2"]
[Date "2023.02.28"]
[WhiteClock "0:01:15"]
[BlackClock "0:01:43"]

1. d4 Nf6 2. c4 g6 3. Nc3 Bg7 4. e4 d6 5. Be2 O-O 6. g4 c5 7. d5 Na6 8. g5 Nd7 9. h4 Nc7 10. h5 Qe8 11. Be3 e6 12. hxg6 fxg6 13. Nh3 exd5 14. cxd5 a6 15. f4 Bxc3+ 16. bxc3 Qxe4 17. Kf2 Ne5 18. c4 b5 19. Qd2 bxc4 20. Kg3 Nxd5 21. fxe5 Nxe3 22. Nf2 Qg2+ 23. Kh4 Nf5# 0-1


[Site "https://www.chess.com"]

[Event "Titled Tuesday Blitz February 28 Late 2023"]
[White "Mendez Machado, Andre"]
[Black "Manelyuk, Daniil"]
[WhiteFideId "6603793"]
[BlackFideId "44173920"]
[WhiteElo "1989"]
[BlackElo "2259"]
[Result "0-1"]
[Round "01"]
[TimeControl "180+2"]
[Date "2023.02.28"]
[WhiteClock "0:00:01"]
[BlackClock "0:00:19"]

1. e4 e6 2. d4 d5 3. Nd2 Be7 4. e5 c5 5. c3 Nc6 6. Ngf3 h5 7. b4 cxb4 8. cxb4 Bxb4 9. Rb1 Nh6 10. Bb5 Ba5 11. Ba3 Bd7 12. O-O Nf5 13. Bxc6 Bxc6 14. Nb3 Bb6 15. Qd2 Ne7 16. Qg5 Ng6 17. Qd2 h4 18. h3 Bb5 19. Rfc1 Bc4 20. Qb4 a5 21. Qa4+ Qd7 22. Qxd7+ Kxd7 23. Nbd2 Ra6 24. Nxc4 dxc4 25. Rxc4 Nf4 26. Rc3 Nd5 27. Rcb3 Rc8 28. Kf1 a4 29. R3b2 Rc3 30. Bb4 Rc4 31. Be1 Ke8 32. Nxh4 Rxd4 33. Nf3 Re4 34. Re2 Rxe2 35. Kxe2 Ra8 36. Kf1 Rc8 37. a3 Rc2 38. Rd1 Ra2 39. Rd3 Ke7 40. h4 f5 41. g3 Bc5 42. Ng5 Rxa3 43. Rd1 Ra2 44. Rb1 b6 45. Rd1 Rb2 46. Ra1 a3 47. h5 a2 48. Kg2 Bb4 49. Bxb4+ Nxb4 50. Rd1 Rb1 51. Rd6 a1=Q 52. Rxe6+ Kd7 53. Rd6+ Kc7 54. Ne6+ Kb7 55. Rd7+ Ka6 56. Rd8 Rg1+ 57. Kh3 Rh1+ 58. Kg2 Qg1+ 59. Kf3 Nc6 60. Rc8 Nxe5+ 61. Kf4 Qxf2+ 62. Kxe5 Qxg3+ 63. Kd5 Rd1+ 0-1


[Site "https://www.chess.com"]

[Event "Titled Tuesday Blitz February 28 Late 2023"]
[White "Postma, Dinant"]
[Black "Simonovic, Miroslav"]
[WhiteFideId "1018612"]
[BlackFideId "919152"]
[WhiteElo "2578"]
[BlackElo "2057"]
[Result "1-0"]
[Round "01"]
[TimeControl "180+2"]
[Date "2023.02.28"]
[WhiteClock "0:00:14"]
[BlackClock "0:00:16"]

1. d4 Nf6 2. Bf4 c5 3. e3 b6 4. Nf3 Bb7 5. Nbd2 g6 6. c3 Bg7 7. Bd3 O-O 8. O-O d6 9. h3 Nbd7 10. Bh2 Re8 11. Qe2 e5 12. dxe5 dxe5 13. e4 h6 14. a4 a5 15. Bb5 Re7 16. Rad1 Qc7 17. Rfe1 Bc6 18. Nc4 Bxb5 19. axb5 Nh5 20. Ne3 Nf4 21. Bxf4 exf4 22. Nd5 Qd8 23. Nxe7+ Qxe7 24. Qc4 Re8 25. e5 Nxe5 26. Qxf4 Nxf3+ 27. Qxf3 Qxe1+ 28. Rxe1 Rxe1+ 29. Kh2 Be5+ 30. g3 Kg7 31. Qc6 Re2 32. Kg1 Rxb2 33. Qxb6 Bxc3 34. Qxc5 Rb3 35. Qc4 Rb1+ 36. Kg2 Bf6 37. h4 Rb4 38. Qc6 Bd4 39. Qa6 a4 40. Qa5 Rb2 41. Qxa4 Bxf2 42. Kf3 h5 43. Qc4 Bb6 44. Qc3+ Bd4 45. Qxd4+ f6 46. Qxb2 g5 47. b6 gxh4 48. b7 Kg6 49. b8=Q h3 50. Qg8+ Kf5 51. Qb5# 1-0


[Site "https://www.chess.com"]

[Event "Titled Tuesday Blitz February 28 Late 2023"]
[White "Huang, Alex"]
[Black "Krallis, Christos"]
[WhiteFideId "4302508"]
[BlackFideId "4298896"]
[WhiteElo "2029"]
[BlackElo "2243"]
[Result "0-1"]
[Round "01"]
[TimeControl "180+2"]
[Date "2023.02.28"]
[WhiteClock "0:00:18"]
[BlackClock "0:00:32"]

1. d4 b6 2. Nf3 Bb7 3. Bf4 Nf6 4. e3 c5 5. h3 g6 6. Nbd2 Bg7 7. c4 cxd4 8. exd4 d5 9. Bd3 O-O 10. O-O dxc4 11. Bxc4 Nc6 12. Nb3 Rc8 13. Rc1 Nb4 14. a3 Nbd5 15. Be5 e6 16. Re1 Nh5 17. Bxg7 Kxg7 18. Qd2 Ndf4 19. Re3 Qf6 20. Qe1 Nxh3+ 21. Kh2 Ng5 22. Nxg5 Qxg5 23. Bf1 Rxc1 24. Nxc1 Nf6 25. Kg1 Qf4 26. Ne2 Qd6 27. Qd2 Rd8 28. Rh3 h5 29. Rd3 Ba6 30. Rf3 Bxe2 31. Qg5 Bxf3 0-1


[Site "https://www.chess.com"]

[Event "Titled Tuesday Blitz February 28 Late 2023"]
[White "Atanasov, Anthony"]
[Black "Wang, Alexander J"]
[WhiteFideId "2623897"]
[BlackFideId "30955270"]
[WhiteElo "2070"]
[BlackElo "2221"]
[Result "1-0"]
[Round "01"]
[TimeControl "180+2"]
[Date "2023.02.28"]
[WhiteClock "0:02:02"]
[BlackClock "0:00:51"]

1. d4 d5 2. Bf4 c5 3. Nf3 Nc6 4. dxc5 Nf6 5. c4 e6 6. Nc3 Bxc5 7. cxd5 exd5 8. e3 O-O 9. Be2 Bg4 10. O-O h6 11. Rc1 Qd7 12. h3 Be6 13. Nb5 Rac8 14. Rxc5 Ne4 15. Rc1 g5 16. Bh2 f5 17. Nbd4 Nxd4 18. Qxd4 Rxc1 19. Rxc1 Rc8 20. Rxc8+ Qxc8 21. Qe5 Kf7 22. Qc7+ Qxc7 23. Bxc7 Nc5 24. Be5 Ne4 25. Bd4 b6 26. Ne5+ Kf6 27. Nc6+ Kf7 28. Nxa7 1-0


[Site "https://www.chess.com"]

[Event "Titled Tuesday Blitz February 28 Late 2023"]
[White "Floresvillar Gonzalez, Luis Migu"]
[Black "Richter, Paul"]
[WhiteFideId "5100542"]
[BlackFideId "2046350"]
[WhiteElo "2040"]
[BlackElo "2571"]
[Result "1-0"]
[Round "01"]
[TimeControl "180+2"]
[Date "2023.02.28"]
[WhiteClock "0:00:36"]
[BlackClock "0:00:10"]

1. d4 Nf6 2. c3 g6 3. Bg5 Bg7 4. Nf3 d5 5. Nbd2 O-O 6. e3 Bf5 7. Qb3 b6 8. Be2 c5 9. O-O c4 10. Qd1 Nbd7 11. Bxf6 Nxf6 12. Ne5 b5 13. a3 a5 14. f4 Ne4 15. Nxe4 Bxe4 16. Bf3 Bxf3 17. Qxf3 f5 18. h3 e6 19. Qg3 Bxe5 20. dxe5 Qb6 21. Rfd1 b4 22. axb4 axb4 23. Qf2 bxc3 24. bxc3 Qb3 25. Qd2 Rfb8 26. Kh2 Ra3 27. Rab1 Qxb1 28. Rxb1 Rxb1 29. Qd4 Ra5 30. h4 Kg7 31. h5 Rb2 32. hxg6 hxg6 33. Kh3 Kh6 34. g4 Raa2 35. gxf5 gxf5 36. Qc5 Rh2+ 37. Kg3 Rag2+ 38. Kf3 Kh5 39. Qf8 Rf2+ 40. Kg3 Rhg2+ 41. Kh3 Rh2+ 42. Kg3 Rfg2+ 43. Kf3 Rg6 44. Qh8+ Rh6 45. Qe8+ Kh4 46. Qe7+ Kh3 47. Qg7 1-0


[Site "https://www.chess.com"]

[Event "Titled Tuesday Blitz February 28 Late 2023"]
[White "Koellner, Ruben Gideon"]
[Black "Chabris, Christopher"]
[WhiteFideId "12993093"]
[BlackFideId "2005263"]
[WhiteElo "2303"]
[BlackElo "2212"]
[Result "0-1"]
[Round "01"]
[TimeControl "180+2"]
[Date "2023.02.28"]
[WhiteClock "0:00:01"]
[BlackClock "0:00:03"]

1. d4 Nf6 2. Nf3 e6 3. Nbd2 c5 4. e3 d5 5. c3 Nc6 6. Bd3 Bd6 7. O-O O-O 8. dxc5 Bxc5 9. b4 Bb6 10. b5 Ne7 11. a4 Ng6 12. Ba3 Re8 13. c4 dxc4 14. Nxc4 Bc7 15. Rc1 Nd5 16. Qc2 Bd7 17. Rfd1 Rc8 18. Qb3 Nh4 19. Nxh4 Qxh4 20. g3 Qg4 21. Bf1 Bb6 22. Nd6 Rxc1 23. Rxc1 Rb8 24. Bg2 Qe2 25. Qc4 Qd2 26. Ne4 Qa5 27. Bd6 Rd8 28. Ba3 h6 29. Nc5 Rc8 0-1


[Site "https://www.chess.com"]

[Event "Titled Tuesday Blitz February 28 Late 2023"]
[White "Cueto, Jonny"]
[Black "Yurovskykh, Oleksandr"]
[WhiteFideId "3300145"]
[BlackFideId "14134020"]
[WhiteElo "2212"]
[BlackElo "2268"]
[Result "0-1"]
[Round "01"]
[TimeControl "180+2"]
[Date "2023.02.28"]
[WhiteClock "0:00:02"]
[BlackClock "0:00:12"]

1. d4 d5 2. Nf3 Nf6 3. c4 dxc4 4. g3 b5 5. Bg2 Bb7 6. a4 a6 7. O-O e6 8. Nbd2 Nbd7 9. Qc2 c5 10. b3 cxd4 11. bxc4 bxc4 12. Nxc4 Rc8 13. Qa2 Bd5 14. Nfd2 Bxg2 15. Kxg2 Bc5 16. Ba3 O-O 17. Rab1 Rc7 18. Bxc5 Nxc5 19. Rb6 Qd5+ 20. Kg1 Rfc8 21. Rd6 Qh5 22. Rxd4 Qxe2 23. Qa1 Qh5 24. Rb1 h6 25. Rh4 Qd5 26. Nb6 Qxd2 27. Nxc8 Rxc8 28. Rd1 Qe2 29. Qc1 Kh7 30. Rf1 Nfd7 31. Rc4 Rb8 32. Re1 Qf3 33. Rxc5 Nxc5 34. Qxc5 Qb7 35. Qe3 g6 36. Rd1 Kg7 37. Qf4 Qc6 0-1


[Site "https://www.chess.com"]